 Dungeon Crawl Stone Soup version 0.22-a0-147-gfdd7f25 (webtiles) character file.

58173 SnubMonkey the Carver (level 15, -4/145 HPs)
             Began as a Kobold Berserker on Feb 5, 2018.
             Was a High Priest of Trog.
             Slain by a phantasmal warrior (8 damage)
             ... led by a death knight
             ... on level 13 of the Dungeon on Feb 6, 2018.
             The game lasted 01:15:49 (31089 turns).

SnubMonkey the Carver (Kobold Berserker)           Turns: 31089, Time: 01:15:50

Health: -4/145     AC: 19    Str: 24    XL:     15   Next: 29%
Magic:  18/18      EV: 17    Int: 12    God:    Trog [*****.]
Gold:   1063       SH:  9    Dex: 15    Spells: 14/14 levels left

rFire    . . .     SeeInvis .   a - +1 scimitar
rCold    + . .     Gourm    .   L - +0 buckler
rNeg     . . .     Faith    .   W - +2 chain mail {rC+}
rPois    +         Spirit   .   U - +0 helmet
rElec    .         Reflect  +   I - +0 cloak
rCorr    .         Harm     .   O - +1 pair of gloves "Ziyqoriw" {Stlth+}
MR       +....                  i - +0 pair of boots
Stlth    ..........             u - +3 amulet of reflection
HPRegen  0.34/turn              x - +4 ring of slaying
MPRegen  0.16/turn              z - ring "Tetirun" {Wiz *Drain rPois Int+2}

@: berserking (expiring), slowed
A: small, carnivore
a: Berserk, Trog's Hand, Brothers in Arms, Burn Spellbooks, Renounce Religion


You were on level 13 of the Dungeon.
You worshipped Trog.
Trog was extremely pleased with you.
You were not hungry.

You visited 2 branches of the dungeon, and saw 19 of its levels.

You collected 1193 gold pieces.
You spent 130 gold pieces at shops.

Inventory:

Hand Weapons
 a - a +1 scimitar (weapon)
 b - a +2 dagger of venom
 c - a +0 blowgun
Missiles
 e - 6 curare-tipped needles
 y - 82 poisoned needles
 B - 6 needles of sleeping
 E - 5 exploding tomahawks
 F - 12 needles of confusion
 M - 23 tomahawks (quivered)
 X - 3 throwing nets
Armour
 i - a +0 pair of boots (worn)
 I - a +0 cloak (worn)
 L - a +0 buckler (worn)
 O - the +1 pair of gloves "Ziyqoriw" (worn) {Stlth+}
   (You found it on level 7 of the Dungeon)

   It makes you more stealthy.
 U - a +0 helmet (worn)
 W - a +2 chain mail of cold resistance (worn)
Jewellery
 n - the ring "Xyhiur" {rC+ Dex+4}
   (You bought it in a shop on level 10 of the Dungeon)

   [ring of dexterity]

   It affects your dexterity (+4).
   It protects you from cold.
 u - a +3 amulet of reflection (around neck)
 x - a +4 ring of slaying (left hand)
 z - the ring "Tetirun" (right hand) {Wiz *Drain rPois Int+2}
   (You took it off an orc on level 4 of the Dungeon)

   [ring of wizardry]

   It improves your spell success rate.
   It affects your intelligence (+2).
   It protects you from poison.
   It causes draining when unequipped.
 S - the ring "Naxel" {+Inv Str+4 Int-5 Dex+4}
   (You found it on level 6 of the Lair of Beasts)

   [ring of dexterity]

   It affects your strength (+4).
   It affects your intelligence (-5).
   It affects your dexterity (+4).
   It lets you turn invisible.
Wands
 p - a wand of polymorph (37)
 t - a wand of paralysis (15)
 v - a wand of iceblast (14)
 G - a wand of disintegration (12)
 J - a wand of acid (13)
 Q - a wand of clouds (14)
 T - a wand of digging (34)
Scrolls
 d - 6 scrolls of magic mapping
 f - 4 scrolls of fog
 m - a scroll of random uselessness {unknown}
 r - a scroll of acquirement {unknown}
 s - a scroll of fear
 w - 3 scrolls of teleportation
 A - 5 scrolls of blinking
 H - 5 scrolls of remove curse
 K - a scroll of silence
 Y - a scroll of enchant armour {unknown}
 Z - a scroll of summoning
Potions
 h - 4 potions of flight
 j - 2 potions of agility
 k - 2 potions of heal wounds
 l - 2 potions of haste
 q - 2 potions of invisibility
 D - 6 potions of curing
 N - 2 potions of brilliance
Books
 R - a book of Necromancy

   Spells                             Type                      Level
   a - Pain                           Necromancy                   1
   b - Animate Skeleton               Necromancy                   1
   c - Vampiric Draining              Necromancy                   3
   d - Regeneration                   Charms/Necromancy            3
   e - Animate Dead                   Necromancy                   4
   Trog disapproves of the use of such an item.
Comestibles
 V - 45 rations


   Skills:
 + Level 12.9 Fighting
 - Level 14.0 Long Blades
 - Level 5.0 Throwing
 + Level 7.7 Armour
 + Level 10.9 Dodging
 - Level 4.0 Stealth
 - Level 5.6 Shields
 - Level 5.0 Evocations


You had 14 spell levels left.
You didn't know any spells.

Dungeon Overview and Level Annotations

Branches:
Dungeon (13/15)            Temple (0/1) D:4            Lair (6/6) D:10
  Swamp (0/4) Lair:2       Spider (0/4) Lair:2        Slime (0/5) Lair:6
    Orc (0/2) D:9
 Vaults: D:13-14

Altars:
Cheibriados
Dithmenos
Fedhas
Gozag
Nemelex Xobeh
Okawaru
Trog
Uskayaw
Xom
Zin
The Shining One
Beogh
Jiyva

Shops:
D:5 *   D:10 *

Annotations:
Lair:3 exclusion: oklob plant


Innate Abilities, Weirdness & Mutations

You are small and have problems with some larger weapons.
You are carnivorous and can eat meat at any time.


Message History

The death knight is moderately wounded.
The death knight hits you with an enchanted battleaxe!
* * * LOW HITPOINT WARNING * * *
The phantasmal warrior hits you!!
* * * LOW HITPOINT WARNING * * *
You slash the death knight!
The death knight is moderately wounded.
A freezing wraith comes into view.
You are too berserk!
You slice the death knight!!
The death knight is severely wounded.
The phantasmal warrior misses you.
The death knight calls down the wrath of Yredelemnul upon you.
Your body is wracked with pain!
* * * LOW HITPOINT WARNING * * *
You closely miss the death knight.
The death knight is severely wounded.
The freezing wraith moves out of view.
The death knight closely misses you. The phantasmal warrior hits you!
You die...

.. #.
#. #.#
#!.
#..##
#.pW#
#@#
#.#
#.##
#.?#
##.##
#..#
##.##
#..###
##...#


You could see a death knight and a phantasmal warrior.

Vanquished Creatures
  5 dire elephants (Lair:6)
  7 hydras
  3 two-headed ogres
  A catoblepas (Lair:5)
  An anaconda (Lair:6)
  A tengu warrior (D:12)
  2 unseen horrors
  An ugly thing (D:12)
  An orb spider (Lair:2)
  An oklob plant (Lair:6)
  9 elephants
  5 black mambas
  16 spiny frogs
  A gargoyle (D:12)
  A black mamba (shapeshifter) (D:12)
  A rime drake (Lair:6)
  2 kobold demonologists (D:12)
  6 komodo dragons
  A freezing wraith (D:13)
  A tengu conjurer (D:12)
  2 trolls
  3 meliai (D:13)
  A hornet (D:11)
  18 blink frogs
  10 slime creatures
  11 hippogriffs
  5 dream sheep (Lair:4)
  Sigmund (D:4)
  A spriggan (D:7)
  4 wyverns
  53 yaks
  4 basilisks
  2 hungry ghosts
  2 acid dragons
  The ghost of emikaela the Cutter, an amateur VSCK of Xom (D:4)
  16 water moccasins
  5 orc warriors
  4 porcupines
  5 ice beasts
  2 eyes of draining
  A hornet zombie (D:9)
  2 sky beasts
  2 ogres (D:6)
  A black bear (D:11)
  5 phantoms
  A necrophage (D:8)
  22 wolves
  4 centaurs
  10 crocodiles
  4 big kobolds (D:12)
  9 bullfrogs
  6 scorpions
  5 killer bees (D:10)
  5 wights (D:7)
  2 howler monkeys
  5 crimson imps
  A bullfrog zombie (D:12)
  A centaur zombie (D:11)
  3 quasits
  7 hounds
  10 jellies
  12 orc priests
  10 orc wizards
  2 centaur skeletons
  5 bullfrog skeletons
  4 iguanas
  6 worker ants
  Natasha (thrice) (D:2)
  A howler monkey zombie (D:11)
  A worker ant zombie (D:10)
  4 gnolls
  A howler monkey skeleton (D:4)
  13 adders
  4 shadow imps
  3 oozes
  An adder zombie (D:6)
  8 worms
  5 dart slugs
  4 leopard geckos
  64 orcs
  9 giant cockroaches
  14 hobgoblins
  A jackal (D:5)
  2 quokkas
  2 ball pythons
  A ball python skeleton (D:4)
  5 bats
  3 frilled lizards
  19 goblins
  A jackal zombie (D:8)
  22 kobolds
  A leopard gecko skeleton (D:5)
  2 quokka skeletons
  10 rats
  4 plants
569 creatures vanquished.

Vanquished Creatures (collateral kills)
  Harold (D:10)
  Sonja (D:10)
  A water moccasin (Lair:2)
  An orc priest (D:9)
  An adder (D:10)
  6 orcs
11 creatures vanquished.

Vanquished Creatures (others)
  A kobold (D:6)
  17 fungi
  14 plants
32 creatures vanquished.

Grand Total: 612 creatures vanquished

Notes
Turn   | Place    | Note
-------+----------+-------------------------------------------
     0 | D:1      | SnubMonkey the Kobold Berserker began the quest for the Orb.
     0 | D:1      | Reached XP level 1. HP: 14/14 MP: 1/1
   129 | D:1      | Reached XP level 2. HP: 19/19 MP: 2/2
   137 | D:1      | Reached skill level 3 in Long Blades
   390 | D:1      | Reached XP level 3. HP: 18/23 MP: 3/3
   810 | D:1      | Reached ** piety under Trog
  1164 | D:2      | Found a blossoming altar of Fedhas.
  1356 | D:2      | Noticed a scorpion
  1375 | D:2      | Reached XP level 4. HP: 27/28 MP: 4/4
  1379 | D:2      | Reached skill level 4 in Long Blades
  1379 | D:2      | Reached XP level 5. HP: 31/32 MP: 5/5
  1838 | D:2      | Noticed Natasha
  1850 | D:2      | Killed Natasha
  1850 | D:2      | Reached skill level 5 in Long Blades
  2077 | D:2      | Noticed Natasha
  2084 | D:2      | Killed Natasha
  2084 | D:2      | Reached XP level 6. HP: 37/37 MP: 6/6
  2139 | D:2      | Noticed Natasha
  2200 | D:2      | Killed Natasha
  2797 | D:3      | Reached *** piety under Trog
  3277 | D:3      | Found a faded altar of an unknown god.
  3350 | D:3      | Found a sparkling altar of Nemelex Xobeh.
  3618 | D:4      | Noticed emikaela's ghost (amateur VSCK)
  3636 | D:4      | Killed emikaela's ghost
  3636 | D:4      | Reached skill level 6 in Long Blades
  3636 | D:4      | Reached XP level 7. HP: 41/41 MP: 7/7
  3815 | D:4      | HP: 2/41 [poisoned by a scorpion]
  4207 | D:4      | Found a staircase to the Ecumenical Temple.
  4220 | D:4      | Reached skill level 7 in Long Blades
  4448 | D:4      | Noticed Sigmund
  4456 | D:4      | Killed Sigmund
  4456 | D:4      | Reached XP level 8. HP: 46/46 MP: 8/8
  5181 | D:4      | Reached skill level 8 in Long Blades
  5412 | D:4      | Got a flickering turquoise ring
  5723 | D:5      | Entered Level 5 of the Dungeon
  5892 | D:5      | Reached **** piety under Trog
  6228 | D:5      | Reached skill level 9 in Long Blades
  6301 | D:5      | Found a snail-covered altar of Cheibriados.
  6424 | D:5      | Reached XP level 9. HP: 51/51 MP: 9/9
  6866 | D:5      | Found Keurat's Assorted Antiques.
  7096 | D:6      | Received a gift from Trog
  7165 | D:6      | Reached skill level 10 in Long Blades
  7579 | D:6      | Found an iron altar of Okawaru.
  8613 | D:6      | Identified the ring "Tetirun" {Wiz *Drain rPois Int+2} (You took it off an orc on level 4 of the Dungeon)
  9037 | D:7      | Reached skill level 5 in Fighting
  9194 | D:7      | Reached XP level 10. HP: 41/59 MP: 10/10
  9342 | D:7      | Got a pair of pitted gloves
  9353 | D:7      | Identified the +1 pair of gloves "Ziyqoriw" {Stlth+} (You found it on level 7 of the Dungeon)
  9444 | D:7      | Reached skill level 1 in Shields
  9683 | D:7      | Found an opulent altar of Gozag.
  9946 | D:7      | Reached skill level 11 in Long Blades
 10417 | D:8      | Reached ***** piety under Trog
 10910 | D:8      | Found an iron altar of Okawaru.
 10942 | D:8      | Found a shadowy altar of Dithmenos.
 10949 | D:8      | Noticed a two-headed ogre
 10957 | D:8      | Killed a two-headed ogre
 11506 | D:9      | Noticed a two-headed ogre
 11564 | D:8      | Killed a two-headed ogre
 11564 | D:8      | Reached XP level 11. HP: 40/66 MP: 11/11
 11783 | D:9      | Found a glowing golden altar of the Shining One.
 11924 | D:9      | Noticed a moth of wrath
 11935 | D:9      | Found a bloodstained altar of Trog.
 12150 | D:9      | Reached skill level 12 in Long Blades
 12514 | D:9      | Noticed a two-headed ogre
 12520 | D:9      | Killed a two-headed ogre
 12576 | D:9      | Found a hide-covered altar of Uskayaw.
 13199 | D:9      | Found a glowing silver altar of Zin.
 13289 | D:9      | Reached skill level 5 in Shields
 13310 | D:9      | Received a gift from Trog
 13364 | D:9      | Found a staircase to the Orcish Mines.
 13804 | D:10     | Entered Level 10 of the Dungeon
 13809 | D:10     | Noticed Sonja
 13814 | D:10     | Killed Sonja
 14147 | D:10     | Found a shimmering altar of Xom.
 14171 | D:10     | Found a roughly hewn altar of Beogh.
 14182 | D:10     | Reached XP level 12. HP: 52/74 MP: 12/12
 14287 | D:10     | Found a staircase to the Lair.
 14633 | D:10     | Noticed Harold
 14662 | D:10     | Killed Harold
 14662 | D:10     | Reached skill level 13 in Long Blades
 14781 | D:10     | Found Zail's Assorted Antiques.
 15136 | D:10     | Bought a translucent glass ring for 130 gold pieces
 15137 | D:10     | Identified the ring "Xyhiur" {rC+ Dex+4} (You bought it in a shop on level 10 of the Dungeon)
 16011 | Lair:1   | Entered Level 1 of the Lair of Beasts
 18439 | Lair:2   | Reached XP level 13. HP: 80/82 MP: 13/13
 18509 | Lair:2   | Found a hole to the Spider Nest.
 18976 | Lair:2   | Noticed a six-headed hydra
 18993 | Lair:2   | Killed a six-headed hydra
 18993 | Lair:2   | Reached skill level 14 in Long Blades
 19151 | Lair:2   | Found a staircase to the Swamp.
 19159 | Lair:2   | Reached skill level 5 in Dodging
 19533 | Lair:2   | Reached skill level 10 in Fighting
 19533 | Lair:2   | Reached skill level 1 in Stealth
 19533 | Lair:2   | Reached skill level 1 in Evocations
 21742 | Lair:4   | Noticed a four-headed hydra
 21759 | Lair:4   | Killed a four-headed hydra
 22070 | Lair:4   | Received a gift from Trog
 22970 | Lair:4   | Reached skill level 5 in Armour
 22970 | Lair:4   | Reached skill level 5 in Evocations
 23657 | Lair:5   | Noticed a four-headed hydra
 23679 | Lair:5   | Killed a four-headed hydra
 23937 | Lair:5   | Reached XP level 14. HP: 54/90 MP: 17/17
 24090 | Lair:5   | Reached skill level 1 in Throwing
 25235 | Lair:6   | Entered Level 6 of the Lair of Beasts
 25887 | Lair:6   | Received a gift from Trog
 26511 | Lair:6   | Received a gift from Trog
 27511 | Lair:6   | Found a staircase to the Slime Pits.
 27917 | Lair:6   | Noticed a dire elephant
 28064 | Lair:6   | Noticed a dire elephant
 28085 | Lair:6   | Killed a dire elephant
 28085 | Lair:6   | Reached skill level 5 in Throwing
 28196 | Lair:6   | Noticed a dire elephant
 28233 | Lair:6   | Killed a dire elephant
 28283 | Lair:6   | Killed a dire elephant
 28535 | Lair:6   | Noticed a dire elephant
 28535 | Lair:6   | Noticed a dire elephant
 28552 | Lair:6   | Killed a dire elephant
 28552 | Lair:6   | Reached skill level 10 in Dodging
 28586 | Lair:6   | Killed a dire elephant
 28869 | Lair:6   | Got a translucent copper ring
 29039 | D:10     | Identified the ring "Naxel" {+Inv Str+4 Int-5 Dex+4} (You found it on level 6 of the Lair of Beasts)
 29096 | D:12     | Reached XP level 15. HP: 76/97 MP: 18/18
 29337 | D:12     | Received a gift from Trog
 29768 | D:12     | Found a viscous altar of Jiyva.
 30395 | D:12     | Upgraded the game from 0.22-a0-142-g91cc6d7 to 0.22-a0-147-gfdd7f25
 31086 | D:13     | HP: 5/145 [phantasmal warrior[a death knight] (23)]
 31089 | D:13     | Slain by a phantasmal warrior

Vault maps used:
D:1:      minmay_arrival_loop, minmay_hedge_maze, serial_bayou_crossing
D:2:      fedhas_altar_1, uniq_natasha
D:3:      nemelex_altar_shiori, first_ration, chequers_ecumenical_altar_twisty
D:4:      minmay_temple_entry_butterflies, nzn_random_ring, uniq_sigmund
D:5:      cheibrodos_barr_body, kennysheep_slug_shrine, serial_shops,
          kennysheep_mini
D:6:      corexii_shantytown, basic_altar
D:7:      nicolae_gozag_cash_rules_everything_around_me, the_bakery,
          minmay_misc_feat_roman
D:8:      lemuel_doored_altar, basic_altar, minmay_statues_item
D:9:      eat_drink_and_be_merry_uskayaw, nicolae_tso_carved_into_rock,
          tgw_trog, zin_scriptorium, hiddenorc1_lemuel
D:10:     dpeg_oklobed_lair, basic_altar, serial_shops, nicolae_shop_stone,
          david_defended_altar_orc, uniq_sonja, uniq_harold
D:11:     grunt_ministairs_15
D:12:     jiyva_altar_1
D:13:     st_stairs_9
Lair:1:   minivault_25
Lair:2:   swamp_mist_pool, nicolae_spider_entry_orb_guardian
Lair:3:   grunt_forest_large_clearings, grunt_megastairs_5,
          minmay_lair_oklob_chamber
Lair:4:   minivault_27
Lair:5:   lemuel_fruit_fields
Lair:6:   due_jungle_book, minmay_slime_entry_oklob_enclosed,
          lemuel_fruit_fields

Skill      XL: |  1  2  3  4  5  6  7  8  9 10 11 12 13 14 |
---------------+-------------------------------------------+-----
Long Blades    | 3 4 5 6 7 9 10 11 12 13 14 | 14.0
Fighting       | 5 7 8 9 11 12 | 12.9
Shields        | 3 5 |  5.6
Armour         | 3 5 7 |  7.7
Dodging        | 4 7 10 | 10.9
Stealth        | 4 |  4.0
Evocations     | 5 |  5.0
Throwing       | 5 |  5.0

Action                   |  1- 3 |  4- 6 |  7- 9 | 10-12 | 13-15 || total
-------------------------+-------+-------+-------+-------+-------++-------
Melee: Falchion          |    80 |   140 |   674 |       |       ||   894
       Unarmed           |       |     6 |       |       |       ||     6
       Scimitar          |       |       |    32 |   808 |  1114 ||  1954
       Dagger            |       |       |       |       |    62 ||    62
Throw: Tomahawk          |       |       |       |     1 |       ||     1
Invok: Berserk           |     1 |     4 |    11 |    16 |    27 ||    59
       Trog's Hand       |       |       |     4 |     4 |       ||     8
       Brothers in Arms  |       |       |       |     3 |     2 ||     5
Evoke: Wand              |       |       |       |       |     4 ||     4
  Use: Scroll            |       |     3 |     6 |    11 |     8 ||    28
       Potion            |       |       |     1 |     5 |     6 ||    12
 Stab: Sleeping          |     1 |     1 |       |     1 |       ||     3
       Distracted        |       |       |       |     1 |       ||     1
  Eat: Chunk             |    10 |    11 |    32 |    51 |    63 ||   167
       Ration            |       |       |       |     1 |     2 ||     3
Armor: Animal skin       |     9 |     4 |       |       |       ||    13
       Skin              |       |     1 |       |       |       ||     1
       Ring mail         |       |    16 |   102 |    80 |       ||   198
       Chain mail        |       |       |    48 |   171 |   385 ||   604
Dodge: Dodged            |    68 |   108 |   401 |   272 |   514 ||  1363
Block: Other             |       |     3 |    62 |    23 |       ||    88
       Reflection        |       |       |     1 |     3 |     5 ||     9
       Buckler           |       |       |       |   157 |   457 ||   614
       Rpst.: Falchion   |    22 |    39 |   117 |       |       ||   178
       Scimitar          |       |       |     3 |    65 |   139 ||   207

Table legend:
 A = Spawn XP
 B = Non-spawn XP
 C = Spawn XP percentage of total XP
 D = Spawn monster count
 E = Non-spawn monster count
 F = Spawn count percentage of total count
 G = Total turns spent on level
                    A         B        C        D         E        F      G
               +---------+---------+-------+---------+---------+-------+---------
         Total |       0 |   83105 |   0.0 |       0 |     576 |   0.0 | 31089
               +---------+---------+-------+---------+---------+-------+---------
           D:1 |       0 |      40 |   0.0 |       0 |      23 |   0.0 |  1153
           D:2 |       0 |     299 |   0.0 |       0 |      35 |   0.0 |  1449
           D:3 |       0 |      76 |   0.0 |       0 |      19 |   0.0 |  1024
           D:4 |       0 |    1194 |   0.0 |       0 |      30 |   0.0 |  2097
           D:5 |       0 |     722 |   0.0 |       0 |      32 |   0.0 |  1437
           D:6 |       0 |    1079 |   0.0 |       0 |      54 |   0.0 |  1608
           D:7 |       0 |    1463 |   0.0 |       0 |      35 |   0.0 |  1450
           D:8 |       0 |    3476 |   0.0 |       0 |      19 |   0.0 |  1783
           D:9 |       0 |    5643 |   0.0 |       0 |      57 |   0.0 |  1803
          D:10 |       0 |    3468 |   0.0 |       0 |      29 |   0.0 |  1410
          D:11 |       0 |    1323 |   0.0 |       0 |      12 |   0.0 |   859
          D:12 |       0 |    8516 |   0.0 |       0 |      44 |   0.0 |  1461
          D:13 |       0 |    2363 |   0.0 |       0 |      10 |   0.0 |   544
        Lair:1 |       0 |    6727 |   0.0 |       0 |      26 |   0.0 |  2039
        Lair:2 |       0 |    6330 |   0.0 |       0 |      23 |   0.0 |  2251
        Lair:3 |       0 |    5962 |   0.0 |       0 |      33 |   0.0 |  1470
        Lair:4 |       0 |    6031 |   0.0 |       0 |      22 |   0.0 |  1920
        Lair:5 |       0 |    9934 |   0.0 |       0 |      27 |   0.0 |  2282
        Lair:6 |       0 |   18459 |   0.0 |       0 |      46 |   0.0 |  3049
               +---------+---------+-------+---------+---------+-------+---------
